Match 42901488
Unlisted

Match 42901488
End
Construct Section Command Post
Infantry Section
Vickers Machine Gun Team
Infantry Section
Grenade Package
Infantry Section
Selects Canadian Shock Battlegroup
Construct Platoon Command Post
Selects Attacking Spirit
Selects Canadian Shock Section
Canadian Shock Section
Construct Company Command Post
6-pounder Anti-tank Gun Team
Crusader II Medium Tank
Selects Incendiary Munitions
Selects Pyrotechnics
Unlock Bishop Self-propelled Artillery
Bishop Self-propelled Artillery
Crusader II Medium Tank
Selects Smoke Operation
Smoke Operation
CMP 15cwt Truck
Foot Guards Section
Smoke Operation
Bishop Self-propelled Artillery
Smoke Operation
Foot Guards Section
Selects Churchill Crocodile Heavy Tank
Churchill Crocodile Heavy Tank
Unlock M3 Grant Medium Tanks
M3 Grant Medium Tank
Smoke Operation
Crusader II Medium Tank
Crusader II Medium Tank
Crusader II Medium Tank
Armored Vehicle Training
Royal Engineer Section
Crusader II Medium Tank
Captain Slackbladder
ThatGuy
JVM
DinoNugs
⁂ ☢ [12thGGR]HL008 ☢ ⁂
amaxy
bkreuzer
🍡 EAT OR DIE 🍵
0
0

Comments sign in to comment!

No comments posted yet!